 Dungeon Crawl Stone Soup version 0.30-a0-371-gad7725a93e (webtiles) character file.

Game seed: 4749483227678980392

14966 porpoise the Slicer (level 11, 0/77 HPs)
             Began as a Demonspawn Monk on Nov 20, 2022.
             Was a High Priest of Hepliaklqana.
             Succumbed to a cane toad's poison
             ... on level 2 of the Lair of Beasts on Nov 22, 2022.
             The game lasted 00:59:50 (11541 turns).

porpoise the Slicer (Demonspawn Monk)              Turns: 11541, Time: 00:59:51

Health: 0/77       AC: 11    Str: 13    XL:     11   Next: 95%
Magic:  13/16      EV: 31    Int: 14    God:    Hepliaklqana [*****.]
Gold:   563        SH:  0    Dex: 24    Spells: 10/10 levels left

rFire   . . .      SeeInvis +    a - +2 great sword
rCold   . . .      Faith    .    (shield currently unavailable)
rNeg    . . .      Spirit   .    q - +0 steam dragon scales
rPois   .          Reflect  .    K - +3 crown of Dyrovepreva {rElec Int+2 SInv}
rElec   +          Harm     .    (no cloak)
rCorr   +          Rampage  .    W - +1 pair of gloves
Will    +++..                    (no boots)
Stlth   +++.......               s - amulet of the acrobat
HPRegen 0.32/turn                J - ring "Juod" {Will++ rCorr Dex+6 SInv Stlth-}
MPRegen 0.15/turn                u - ring of willpower

@: lethally poisoned (0 -> -1), acrobatic
A: reduced essence, ignite blood 2, sturdy frame 1, demonic touch 2
a: Renounce Religion, Recall Ancestor, Ancestor Identity, Transference, Idealise


You were on level 2 of the Lair of Beasts.
You worshipped Hepliaklqana.
Hepliaklqana was extremely pleased with you.
You visited 3 branches of the dungeon, and saw 13 of its levels.

You collected 651 gold pieces.
You spent 88 gold pieces at shops.

Inventory:

Hand Weapons
 a - a +2 great sword (weapon)
 b - the +7 sling of Qaorejeh {drain, rF- rC++ Will++}
   (You found it on level 6 of the Dungeon)

   A truly terrible weapon, it drains the life of any living foe it strikes.
   rF:        It makes you vulnerable to fire.
   rC:        It greatly protects you from cold.
   Will:      It greatly increases your willpower.
 w - a +1 dagger of electrocution
 X - a +0 falchion of venom
Missiles
 j - 3 boomerangs of dispersal
 R - 5 curare-tipped darts (quivered)
Armour
 q - +0 steam dragon scales (worn)
 K - the +3 crown of Dyrovepreva (worn) {rElec Int+2 SInv}
   (You found it on level 5 of the Dungeon)

   Int:       It affects your intelligence (+2).
   rElec:     It insulates you from electricity.
   SInv:      It lets you see invisible.
 W - a +1 pair of gloves (worn)
Jewellery
 s - an amulet of the acrobat (around neck)
 u - a ring of willpower (right hand)
 J - the ring "Juod" (left hand) {Will++ rCorr Dex+6 SInv Stlth-}
   (You found it on level 5 of the Dungeon)

   [ring of dexterity]

   Dex:       It affects your dexterity (+6).
   SInv:      It lets you see invisible.
   rCorr:     It protects you from acid and corrosion.
   Will:      It greatly increases your willpower.
   Stlth:     It makes you less stealthy.
 U - a ring of protection from fire
Wands
 t - a wand of iceblast (15)
 Q - a wand of light (21)
Scrolls
 i - 2 scrolls of poison
 k - 3 scrolls of vulnerability
 l - 3 scrolls of teleportation
 E - a scroll of fog
 T - a scroll of fear
 Z - a scroll of enchant armour {unknown}
Potions
 c - a potion of ambrosia
 d - 2 potions of mutation
 g - 4 potions of curing
 h - a potion of resistance
 n - 2 potions of attraction
 r - 3 potions of invisibility
 x - a potion of might
 A - a potion of haste
 B - a potion of heal wounds
 M - 2 potions of lignification
Miscellaneous
 H - a phantom mirror


   Skills:
 + Level 8.0 Fighting
 - Level 9.0(10.5) Short Blades
 + Level 8.5(10.2) Long Blades
 + Level 5.3 Armour
 - Level 5.0 Dodging
 - Level 7.0 Stealth
 - Level 7.0 Invocations
 - Level 5.0 Evocations


You had 10 spell levels left.
You didn't know any spells.
Your spell library contained the following spells:

 Spells                   Type           Power      Damage    Failure   Level
 Slow                     Hex            0%         N/A       28%         1
 Confusing Touch          Hex            0%         N/A       65%         3
 Ozocubu's Armour         Ice            0%         N/A       65%         3
 Summon Guardian Golem    Hex/Summ       0%         N/A       65%         3
 Vampiric Draining        Necr           0%         2d6       65%         3
 Animate Armour           Summ/Erth      0%         N/A       96%         4
 Blade Hands              Tmut           0%         N/A       100%        5
 Summon Forest            Summ/Tloc      0%         N/A       100%        5
 Eringya's Noxious Bog    Tmut/Pois      0%         N/A       100%        6
 Iron Shot                Conj/Erth      0%         9d1       100%        6
 Orb of Destruction       Conj           0%         9d5       100%        7
 Ozocubu's Refrigeration  Ice            0%         4d7       100%        7
 Spellforged Servitor     Conj/Summ      0%         N/A       100%        7
 Summon Hydra             Summ           0%         N/A       100%        7


Dungeon Overview and Level Annotations

Branches:
Dungeon (10/15)            Temple (1/1) D:4            Lair (2/5) D:9
  Swamp: Lair:2-3    Shoals: Lair:2-3     Snake: Lair:2-3    Spider: Lair:2-3
    Orc: D:9-12

Altars:
Ashenzari
Cheibriados
Dithmenos
Fedhas
Gozag
Hepliaklqana
Kikubaaqudgha
Makhleb
Nemelex Xobeh
Okawaru
Qazlal
Ru
Sif Muna
Trog
Uskayaw
Vehumet
Wu Jian
Xom
Yredelemnul

Shops:
D:7 =   D:8 [?

Annotations:
D:8 6 transporters
D:10 2 transporters, Encipher's ghost, journeyman NaWr


Innate Abilities, Weirdness & Mutations

Your life essence is reduced to manifest your ancestor. (-10% HP)
Your demonic aura often causes spilled blood to erupt in flames.
Your movements are slightly less encumbered by armour. (ER -2)
Your touch may inflict irresistible damage on your foes.


Message History

Beki drains the death yak.
The death yak gores Beki!
Beki hits the death yak with a +0 dagger of draining!!
Unknown command.
You swap places.
You feel sick.
The death yak is engulfed in blazing flames.
The death yak completely misses you.
You hit the death yak but do no damage.
The death yak is severely wounded.
You feel sick.
A wolf comes into view.
Beki points at the death yak and mumbles some strange words.
The death yak resists with almost no effort.
The death yak is engulfed in blazing flames.
The death yak gores Beki!!
You catch the helpless death yak completely off-guard!
You hit the death yak.
The death yak is almost dead.
You feel sick.
Beki hits the death yak with a +0 dagger of draining!
The death yak is engulfed in blazing flames.
The death yak gores you!!
The death yak is engulfed in blazing flames.
You kill the death yak!
Beki gestures at the death yak while chanting.
The death yak resists with almost no effort.
The death yak is engulfed in blazing flames.
The death yak barely misses you. The death yak gores you!
* * * LOW HITPOINT WARNING * * *
Your Fighting skill increases to level 8!
You are too injured to fight recklessly!
As you read the scroll of fear, it crumbles to dust.
You assume a fearsome visage.
The wolf looks frightened!
The death yak looks frightened!
The death yak easily resists.
You feel sick.
Beki hits the death yak with a +0 dagger of draining!!
Beki hits the death yak with a +0 dagger of draining!
Beki drains the death yak.
The death yak is engulfed in blazing flames.
The death yak gores you!
* * * LOW HITPOINT WARNING * * *
You die...

##.##..#P..............
.......................
##.....................
##..#####..........#
##..# ####.<..#.###
#### # #.P†#.##.###
.P.##...........
................
.......☼@.......
.......☼○R..##.#
#.......Y☼○.#
#.....Y.....#
##......[...#
##.........#
##......h.. #........##
#.........


You could see the friendly Beki the hexer (idealised), 2 death yaks and a wolf
(fleeing).

Vanquished Creatures
  Gastronok (D:9)
  A death yak (Lair:2)
  Urug (D:10)
  A cyclops (D:10)
  An oklob plant (Lair:1)
  2 cane toads
  An unseen horror (D:10)
  A komodo dragon (Lair:1)
  A hornet (D:5)
  2 trolls
  2 wraiths
  27 yaks
  2 steam dragons
  Menkaure (D:5)
  An acid dragon (D:10)
  5 water moccasins
  3 orc warriors
  6 ogres
  3 black bears
  3 ice beasts
  A centaur (D:6)
  4 kobold brigands
  8 bullfrogs
  2 scorpions
  3 gnoll sergeants
  6 wights
  2 killer bees (D:6)
  6 howler monkeys
  4 jellies
  An orc priest (D:10)
  A hound (D:5)
  A gnoll bouda (D:5)
  Ijyb (D:3)
  6 iguanas
  7 orc wizards
  14 gnolls
  5 adders
  2 white imps
  An ufetubus (D:5)
  3 worms
  2 dart slugs
  44 orcs
  5 endoplasms
  4 giant cockroaches
  7 goblins
  12 hobgoblins
  3 jackals (D:4)
  18 kobolds
  6 quokkas
  10 ball pythons
  2 bats
  A frilled lizard (D:1)
  3 rats
260 creatures vanquished.

Vanquished Creatures (collateral kills)
  A cane toad (Lair:1)
  4 yaks
  An orc warrior (D:7)
  A bullfrog (Lair:2)
  3 wights
  A killer bee (D:6)
  3 orcs
  A kobold (D:7)
15 creatures vanquished.

Vanquished Creatures (others)
  A hexer (D:9)
  An orc (D:8)
  A fungus (Lair:1)
  3 plants (Lair:2)
6 creatures vanquished.

Grand Total: 281 creatures vanquished

Notes
Turn   | Place    | Note
-------+----------+-------------------------------------------
     0 | D:1      | porpoise the Demonspawn Monk began the quest for the Orb.
     0 | D:1      | Reached XP level 1. HP: 18/18 MP: 1/1
   268 | D:1      | Gained mutation: Your demonic aura sometimes causes spilled
                  | blood to erupt in flames. [demonic ancestry]
   268 | D:1      | Reached XP level 2. HP: 22/24 MP: 2/2
   547 | D:1      | Found a faded altar of an unknown god.
   955 | D:2      | Gained mutation: Your touch may inflict minor irresistible
                  | damage on your foes. [demonic ancestry]
   955 | D:2      | Reached XP level 3. HP: 24/29 MP: 3/3
  1735 | D:3      | Reached XP level 4. HP: 19/36 MP: 4/4
  2138 | D:3      | Found a burning altar of Makhleb.
  2148 | D:3      | Noticed Ijyb
  2152 | D:3      | Killed Ijyb
  2153 | D:3      | Reached skill level 1 in Short Blades
  2543 | D:4      | Noticed a scorpion
  2550 | D:4      | Killed a scorpion
  2551 | D:4      | Gained mutation: Your demonic aura often causes spilled
                  | blood to erupt in flames. [demonic ancestry]
  2551 | D:4      | Reached XP level 5. HP: 42/42 MP: 5/5
  2673 | D:4      | Reached skill level 2 in Short Blades
  2697 | D:4      | Found a shimmering altar of Xom.
  2797 | D:4      | Found an iron altar of Okawaru.
  2813 | D:4      | Identified the +2 robe of the Tuna {MP+9 Dex+3 SInv}
  3110 | D:4      | Found a staircase to the Ecumenical Temple.
  3120 | Temple   | Entered the Ecumenical Temple
  3377 | Temple   | Became a worshipper of Hepliaklqana the Forgotten
  3377 | Temple   | Reached * piety under Hepliaklqana
  3377 | Temple   | Reached ** piety under Hepliaklqana
  3378 | Temple   | Remembered your ancestor Beki as a hexer
  3418 | D:4      | Found a shadowy altar of Dithmenos.
  3476 | D:4      | Noticed an ogre
  3482 | D:4      | Killed an ogre
  3483 | D:4      | Gained mutation: Your touch may inflict irresistible damage
                  | on your foes. [demonic ancestry]
  3483 | D:4      | Reached XP level 6. HP: 19/44 MP: 6/6
  3811 | D:5      | Entered Level 5 of the Dungeon
  3815 | D:5      | Reached skill level 3 in Short Blades
  4110 | D:5      | Found an opulent altar of Gozag.
  4130 | D:5      | Reached skill level 4 in Short Blades
  4130 | D:5      | Reached XP level 7. HP: 49/49 MP: 7/7
  4159 | D:5      | Found a large runed translucent door.
  4159 | D:5      | Found a large runed translucent door.
  4167 | D:5      | Reached skill level 5 in Fighting
  4169 | D:5      | Noticed a troll
  4169 | D:5      | Noticed a hornet
  4170 | D:5      | Found the +3 crown of Dyrovepreva {rElec Int+2 SInv}
  4217 | D:5      | Found a large runed translucent door.
  4217 | D:5      | Found a large runed translucent door.
  4383 | D:5      | Noticed Menkaure
  4389 | D:5      | Killed Menkaure
  4390 | D:5      | Reached skill level 5 in Short Blades
  4506 | D:5      | Reached XP level 8. HP: 56/56 MP: 8/8
  4964 | D:5      | Killed a hornet
  4965 | D:5      | Reached skill level 6 in Short Blades
  4965 | D:5      | Reached skill level 5 in Stealth
  4965 | D:5      | Killed a troll
  4972 | D:5      | Identified the ring "Juod" {Will++ rCorr Dex+6 SInv Stlth-}
  5059 | D:6      | Identified the +7 sling of Qaorejeh {drain, rF- rC++
                  | Will++}
  5218 | D:6      | Reached skill level 7 in Short Blades
  5220 | D:6      | Reached XP level 9. HP: 63/63 MP: 9/9
  5863 | D:6      | Reached *** piety under Hepliaklqana
  6012 | D:7      | Reached skill level 1 in Armour
  6076 | D:7      | Reached skill level 8 in Short Blades
  6114 | D:7      | Noticed a troll
  6123 | D:7      | Killed a troll
  6230 | D:7      | Found Ythefy's Jewellery Emporium.
  6546 | D:7      | Found a stormy altar of Qazlal.
  6748 | D:8      | Gained mutation: Your movements are slightly less
                  | encumbered by armour. (ER -2) [demonic ancestry]
  6748 | D:8      | Reached XP level 10. HP: 71/71 MP: 10/10
  6763 | D:8      | Reached skill level 9 in Short Blades
  6951 | D:8      | Found a shimmering blue altar of Sif Muna.
  6952 | D:8      | Upgraded the game from 0.30-a0-368-g86fb4627a9 to
                  | 0.30-a0-371-gad7725a93e
  7012 | D:8      | Reached skill level 1 in Invocations
  7045 | D:8      | Reached skill level 5 in Armour
  7056 | D:8      | Found a transporter.
  7102 | D:8      | Found Nywuro Jujick's Magic Scroll Shop.
  7107 | D:8      | Bought a scroll of identify for 22 gold pieces
  7107 | D:8      | Bought a scroll of identify for 22 gold pieces
  7107 | D:8      | Bought a scroll of fear for 44 gold pieces
  7134 | D:8      | Found a transporter.
  7234 | D:8      | Found a transporter.
  7240 | D:8      | Found a transporter.
  7276 | D:8      | Found a transporter.
  7277 | D:8      | Found Moyxah's Armour Boutique.
  7280 | D:8      | Found a transporter.
  7655 | D:9      | Noticed Gastronok
  7655 | D:9      | Found a basalt altar of Yredelemnul.
  7655 | D:9      | Reached **** piety under Hepliaklqana
  7795 | D:8      | Reached skill level 5 in Long Blades
  7936 | D:9      | Killed Gastronok
  7937 | D:9      | Reached skill level 5 in Invocations
  8419 | D:9      | Found an ornate altar of the Wu Jian Council.
  8642 | D:9      | Found a radiant altar of Vehumet.
  8661 | D:9      | Reached XP level 11. HP: 66/75 MP: 16/16
  8847 | D:9      | Found a staircase to the Lair.
  9158 | D:10     | Entered Level 10 of the Dungeon
  9172 | D:10     | Reached skill level 1 in Evocations
  9345 | D:10     | Noticed Urug
  9354 | D:10     | Killed Urug
 10152 | D:10     | Noticed a centaur warrior
 10200 | D:10     | Found a transporter.
 10202 | D:10     | Found a transporter.
 10205 | D:10     | Noticed Encipher's ghost (journeyman NaWr)
 10212 | D:10     | Noticed a wizard
 10324 | Lair:1   | Entered Level 1 of the Lair of Beasts
 10394 | Lair:1   | Reached ***** piety under Hepliaklqana
 10438 | Lair:1   | Noticed an oklob plant
 10446 | Lair:1   | Killed an oklob plant
 10447 | Lair:1   | Reached skill level 5 in Dodging
 10905 | Lair:1   | Identified the +0 ring mail of a bailey {Rampage rF-
                  | Regen+}
 11122 | Lair:1   | Reached skill level 5 in Evocations
 11530 | Lair:2   | Noticed a death yak
 11534 | Lair:2   | Noticed a death yak
 11535 | Lair:2   | Noticed a death yak
 11539 | Lair:2   | Killed a death yak
 11540 | Lair:2   | HP: 1/77 [death yak (13)]
 11541 | Lair:2   | Succumbed to a cane toad's poison

Illustrated notes

Levels and vault maps discovered:
D:1:      minmay_arrival_nine_rooms, layout_rooms,
          chequers_ecumenical_altar_twisty, serial_curves, eino_curves_04,
          eino_curves_04, eino_curves_02, eino_curves_04
D:2:      layout_loops_ring, minmay_strange_pillars
D:3:      layout_loops_ring, nicolae_overflow_crystal_walls, patterned_corridor,
          uniq_ijyb
D:4:      layout_rooms, lemuel_tele_altar, mainiacjoe_overflow_catch_the_wave,
          minmay_temple_entry_junction, serial_curves, eino_curves_02,
          eino_curves_03, eino_curves_04, minivault_26
D:5:      layout_basic, nicolae_gozag_seed_capital, serial_park_tiny_1,
          minmay_hollow_rounded_squares, uniq_menkaure
D:6:      layout_loops_corners, sigmund_army
D:7:      layout_loops_ring, nicolae_qazlal_eye_of_the_storm, serial_shops,
          shop, st_stairs_14
D:8:      layout_cave_pools, lemuel_blue_sif_altar, serial_shops,
          nicolae_shop_hallway_stairs, shop, grunt_ministairs_1,
          minmay_misc_feat_rows, serial_nicolae_subway,
          nicolae_sub_station_metal, nicolae_sub_station_stone,
          nicolae_sub_station_crystal
D:9:      layout_grid_maze, lemuel_crystal_altar, mainiacjoe_overflow_catwalk,
          vehumet_crystals, lair_entry_dummy, uniq_gastronok
D:10:     layout_roguey [special_room_orc], gammafunk_ghost_arena,
          kennysheep_generic_room_2, uniq_urug
Temple:   hc_temple_tempest_star
Lair:1:   layout_regular_city
Lair:2:   regret_index_combs_of_tragedy, layout_long_grid,
          minmay_snake_entry_guardpost_medium, gammafunk_ghost_berserking_beasts

Skill      XL: |  1  2  3  4  5  6  7  8  9 10 11 |
---------------+----------------------------------+-----
Long Blades    | 3 4 6 8 |  8.5
Stealth        | 2 3 4 5 7 |  7.0
Short Blades   | 1 2 4 5 7 8 9 |  9.0
Fighting       | 4 5 6 7 8 |  8.0
Armour         | 3 5 |  5.3
Invocations    | 7 |  7.0
Dodging        | 3 5 |  5.0
Evocations     | 5 |  5.0

Action                   |  1- 3 |  4- 6 |  7- 9 | 10-12 || total
-------------------------+-------+-------+-------+-------++-------
Melee: Falchion          |    48 |       |       |    16 ||    64
       Dagger            |    79 |    66 |   189 |    74 ||   408
       Touch             |     7 |    16 |    36 |    34 ||    93
       Punch             |     1 |       |     1 |     2 ||     4
       Scimitar          |       |       |       |    57 ||    57
       Great sword       |       |       |       |    73 ||    73
 Fire: Sling             |       |       |     1 |    21 ||    22
Throw: Dart              |       |    11 |       |    17 ||    28
Invok: Ancestor Life: He |       |     1 |       |       ||     1
       Ancestor Identity |       |     1 |       |       ||     1
       Recall Ancestor   |       |       |       |     2 ||     2
       Idealise          |       |       |       |     1 ||     1
Evoke: Wand              |       |       |       |     4 ||     4
  Use: Scroll            |     3 |     4 |     3 |    13 ||    23
       Potion            |       |       |     1 |     1 ||     2
 Stab: Sleeping          |     4 |     7 |     6 |     2 ||    19
       Confused          |       |     1 |     3 |     3 ||     7
       Distracted        |       |     1 |     2 |     8 ||    11
       Invisible         |       |       |     2 |       ||     2
Armor: Robe              |    16 |     3 |     5 |       ||    24
       Troll leather arm |       |       |    26 |     8 ||    34
       Steam dragon scal |       |       |       |    33 ||    33
Dodge: Dodged            |    67 |    29 |    91 |   139 ||   326

Table legend: (Time is in decaauts)
 A = Elapsed time spent in this place.
 B = Non-inter-level travel time spent in this place.
 C = Inter-level travel time spent in this place.
 D = Time resting spent in this place.
 E = Time spent auto-exploring this place.
 F = Levels seen in this place.
 G = Mean time per level.
                   A        B        C        D        E       F      G
               +--------+--------+--------+--------+--------+-----+--------+
         Total |  11436 |  10646 |    790 |   1916 |   6873 |  13 |  879.7 |
       Dungeon |   9936 |   9270 |    666 |   1684 |   5989 |  10 |  993.6 |
        Temple |    276 |    215 |     61 |      0 |    203 |   1 |  276.0 |
          Lair |   1223 |   1161 |     62 |    232 |    681 |   2 |  611.5 |
               +--------+--------+--------+--------+--------+-----+--------+

Top non-repeatable levels by time:
     D:5: 1192 daAuts
     D:9: 1190 daAuts
     D:8: 1189 daAuts
  Lair:1: 1180 daAuts
    D:10: 1109 daAuts
     D:3: 980 daAuts
     D:6: 963 daAuts
     D:1: 902 daAuts
     D:4: 876 daAuts
     D:2: 767 daAuts
     D:7: 765 daAuts
  Temple: 276 daAuts
  Lair:2: 42 daAuts
